Map: [ESL] Inside and Out

Players

PeakLeadMale (MeomaikA)

  • Race: Zerg Zerg
  • League: Master
  • Spawn Location: 7:00

TIME (Oliveira) - Winner!

  • Race: Terran Terran
  • League: Master
  • Spawn Location: 1:00

Event: TSL 9

VOD

Have the link to the VOD?

Description

Time

  • Played on: July 30, 2022, 7:10 a.m.
  • Length: 12:22

All games in this series

Show
View Real Time Build Order
Export as new Build Order

PeakLeadMale Zerg 

Build Orders: Pool First 

Get SALT Encoding   

  12  0:00  Drone  
  13  0:08  Drone  
  14  0:16  Overlord  
  14  0:23  Drone, Extractor  
  15  0:34  Drone x2  
  17  0:43  Spawning Pool  
  17  0:47  Drone  
  17  1:07  Hatchery  
  17  1:09  Drone  
  17  1:13  Drone  
  17  1:15  Extractor  
  17  1:30  Zergling x4  
  17  1:31  Queen  
  21  1:37  Drone  
  22  1:47  Overlord  
  22  1:59  Roach Warren  
  21  2:05  Drone  
  22  2:34  Overlord  
  22  2:39  Roach x6  
  22  2:43  Roach  
  36  3:00  Drone x4  
  40  3:09  Overlord  
  40  3:17  Drone x2  
  40  3:19  Metabolic Boost  
  40  3:28  Drone  
  40  3:29  Drone x3  
  40  3:33  Roach  
  46  3:55  Zergling x12  
  52  4:01  Overlord  
  52  4:05  Overlord  
  52  4:10  Overlord  
  52  4:19  Queen  
  52  4:20  Zergling x2  
  52  4:21  Zergling x2  
  52  4:22  Ravager  
  57  4:24  Ravager  
  57  4:26  Zergling x2  
  57  4:27  Zergling x2  
  60  4:34  Zergling x2  
  60  4:37  Zergling x2  
  60  4:43  Zergling x6, Queen  
  60  4:44  Zergling x2  
  61  4:48  Zergling x2  
  60  4:54  Queen  
  60  4:55  Zergling x2  
  60  4:59  Zergling x2  
  57  5:05  Drone  
  50  5:09  Drone  
  48  5:16  Drone  
  48  5:17  Spore Crawler  
  48  5:18  Spore Crawler  
  48  5:19  Spore Crawler, Drone x2  
  48  5:20  Drone x2  
  52  5:27  Lair  
  50  5:29  Drone  
  50  5:33  Drone  
  52  5:37  Extractor x2  
  52  5:39  Overlord  
  52  5:42  Drone  
  51  5:46  Spore Crawler  
  51  5:48  Drone x3  
  51  5:49  Drone x3  
  56  5:54  Drone  
  56  5:56  Drone  
  58  6:05  Drone  
  58  6:06  Drone  
  59  6:14  Drone  
  59  6:16  Zergling x2, Queen  
  63  6:22  Zergling x2  
  63  6:23  Zergling x2  
  62  6:26  Queen, Roach x2  
  62  6:30  Hydralisk Den, Drone  
  62  6:32  Overlord  
  62  6:40  Zergling x6  
  62  6:43  Overseer  
  62  6:44  Overlord  
  62  6:47  Overlord  
  65  6:59  Grooved Spines, Hydralisk x3  
  65  7:01  Drone x4  
  73  7:04  Hydralisk  
  73  7:06  Drone  
  73  7:20  Drone  
  73  7:21  Drone x3, Hatchery  
  69  7:23  Drone  
  69  7:26  Hydralisk  
  72  7:30  Hydralisk  
  72  7:36  Hydralisk  
  74  7:39  Hydralisk  
  74  7:42  Hydralisk  
  81  7:53  Hydralisk  
  81  7:54  Hydralisk  
  81  7:56  Hatchery  
  83  7:58  Zergling x6  
  83  7:59  Zergling x2  
  83  8:03  Zergling x4  
  83  8:05  Zergling x2  
  90  8:06  Zergling x2  
  91  8:14  Muscular Augments  
  91  8:17  Overlord  
  91  8:18  Overlord  
  91  8:24  Evolution Chamber  
  90  8:28  Overlord  
  90  8:31  Overlord  
  90  8:32  Overlord  
  90  8:38  Hydralisk  
  90  8:39  Hydralisk  
  94  8:45  Hydralisk  
  97  8:48  Zergling x4  
  97  8:51  Zergling x4  
  97  8:55  Zergling x2  
  98  8:56  Zergling x2  
  98  8:57  Zergling x2  
  98  9:00  Zergling x2  
  98  9:02  Zergling x2  
  87  9:04  Zergling x2  
  87  9:06  Zergling x2  
  87  9:07  Zergling x2  
  87  9:09  Zergling x2  
  83  9:14  Hydralisk  
  81  9:20  Zergling x2, Zerg Ground Armor Level 1  
  81  9:23  Zergling x2  
  83  9:25  Drone  
  83  9:30  Drone x3  
  87  9:34  Evolution Chamber  
  87  9:37  Drone x2  
  87  9:38  Drone  
  89  9:41  Drone  
  89  9:42  Drone  
  91  10:00  Zergling x8, Zerg Melee Weapons Level 1  
  91  10:02  Hatchery  
  91  10:04  Drone x2  
  89  10:11  Drone x4  
  92  10:21  Hydralisk x3  
  88  10:23  Zergling x2  
  95  10:29  Zergling x4  
  95  10:30  Zergling x2  
  95  10:31  Baneling Nest  
  95  10:32  Zergling x2  
  95  10:33  Zergling x2  
  100  10:35  Zergling x2  
  100  10:36  Zergling x2  
  100  10:38  Zergling x2  
  100  10:40  Zergling x2  
  100  10:41  Hydralisk  
  105  10:45  Hydralisk  
  105  10:46  Zergling x2  
  108  10:55  Hydralisk x2  
  112  10:57  Hydralisk  
  112  10:58  Overlord  
  112  11:03  Overlord  
  114  11:07  Overlord  
  114  11:15  Zergling x10  
  114  11:18  Zergling x2  
  120  11:22  Drone x3  
  120  11:24  Zergling x4  
  125  11:26  Zergling x2  
  125  11:28  Zergling x2  
  125  11:31  Zergling x6  
  130  11:34  Hydralisk  
  130  11:37  Zergling x4  
  130  11:39  Zergling x2  
  135  11:41  Zergling x2  
  135  11:45  Zergling x4  
  135  11:46  Zergling x2  
  135  11:47  Zergling x2  
  139  11:59  Zergling x16  
  99  12:02  Zergling x2  
  99  12:04  Zergling x2  
Show
View Real Time Build Order
Export as new Build Order

TIME Terran - Winner!

Build Orders: Gas First Reaper Expand, Hellion Banshee 

Get SALT Encoding   

  12  0:00  SCV  
  13  0:12  SCV  
  14  0:17  Supply Depot  
  14  0:24  SCV  
  15  0:28  Refinery  
  15  0:38  SCV  
  16  0:44  Barracks  
  16  0:50  SCV  
  17  1:03  SCV  
  18  1:15  SCV  
  19  1:31  Reaper, Orbital Command  
  20  1:42  Command Center  
  20  1:53  Factory  
  20  1:58  SCV  
  21  2:06  Barracks Reactor  
  21  2:10  SCV  
  21  2:14  Refinery  
  22  2:20  Supply Depot  
  22  2:22  SCV  
  23  2:41  SCV  
  24  2:45  Starport  
  24  2:49  Hellion x2  
  24  2:51  Bunker  
  28  2:53  SCV  
  29  2:59  Orbital Command  
  29  3:05  SCV  
  29  3:11  Hellion  
  32  3:15  Hellion  
  34  3:22  Starport Tech Lab  
  34  3:23  Marine  
  34  3:25  SCV  
  36  3:31  Supply Depot  
  36  3:33  SCV  
  37  3:36  Widow Mine  
  37  3:37  Widow Mine  
  37  3:41  Banshee  
  37  3:48  SCV x2  
  42  3:55  Orbital Command  
  38  3:59  Widow Mine x2  
  38  4:01  SCV  
  41  4:07  Barracks Tech Lab  
  40  4:14  SCV  
  40  4:20  SCV  
  41  4:24  Medivac  
  41  4:25  Hellion  
  41  4:26  SCV  
  46  4:35  Hellion  
  41  4:40  Marine  
  41  4:45  SCV  
  43  4:48  Orbital Command  
  43  4:50  Supply Depot x2  
  43  4:59  Hellion x2, SCV  
  44  5:06  Banshee  
  46  5:13  SCV  
  46  5:14  SCV  
  44  5:16  Marine  
  44  5:17  Stimpack  
  45  5:25  SCV  
  45  5:28  SCV  
  47  5:30  Factory Reactor  
  47  5:34  Marine  
  48  5:37  SCV  
  48  5:41  SCV  
  50  5:49  SCV  
  51  5:52  Marine  
  51  5:53  SCV  
  53  6:00  Barracks  
  53  6:03  Barracks  
  54  6:10  Supply Depot, Marine  
  49  6:16  SCV  
  50  6:18  SCV  
  49  6:28  Marine  
  49  6:29  SCV  
  49  6:31  SCV  
  52  6:36  Widow Mine  
  54  6:43  SCV x2  
  54  6:44  Supply Depot  
  54  6:46  Medivac, Marine  
  59  6:47  Marine  
  59  6:51  Marine  
  59  6:53  Supply Depot  
  61  6:56  Marine  
  62  7:03  SCV  
  62  7:06  SCV, Marine  
  62  7:07  Marine  
  65  7:10  Widow Mine, Marine  
  68  7:19  Marine  
  68  7:20  SCV  
  68  7:21  SCV, Marine  
  70  7:24  Starport Reactor  
  70  7:29  Marine  
  71  7:31  Supply Depot x2  
  71  7:32  SCV, Marine  
  71  7:35  SCV  
  75  7:39  Siege Tank  
  75  7:40  Combat Shield  
  77  7:44  SCV  
  78  7:52  SCV, Marine  
  78  7:54  Marine  
  78  8:00  Marine  
  78  8:01  Medivac x2  
  78  8:02  SCV  
  78  8:05  Engineering Bay, Marine  
  85  8:11  Marine  
  86  8:13  Siege Tank  
  86  8:15  Marine  
  86  8:17  SCV  
  91  8:21  Refinery  
  91  8:23  Supply Depot  
  91  8:25  Marine  
  91  8:26  Marine  
  93  8:32  Marine  
  94  8:40  Medivac x2, Marine x2  
  100  8:43  Marine  
  100  8:44  Marine  
  102  8:50  Marine  
  103  9:00  Marine  
  103  9:01  Marine  
  84  9:05  Marine  
  71  9:12  Marine  
  71  9:13  Marine  
  71  9:14  SCV x2, Terran Infantry Weapons Level 1  
  73  9:21  Command Center, Marine  
  73  9:22  Marine  
  73  9:23  Liberator x2  
  81  9:32  Marine x3  
  81  9:37  SCV x2, Siege Tank, Refinery  
  89  9:39  Marine  
  90  9:46  Marine  
  90  9:47  Supply Depot  
  90  9:49  SCV, Marine  
  90  9:50  Marine  
  95  9:52  SCV  
  95  9:59  Marine x2  
  97  10:03  Barracks x2  
  97  10:09  Marine  
  97  10:10  Siege Tank  
  101  10:18  Marine  
  101  10:20  Marine  
  88  10:23  Engineering Bay, SCV x2, Armory, Marine x2  
  88  10:26  Liberator  
  95  10:30  Liberator  
  95  10:31  Marine  
  99  10:36  Marine  
  99  10:37  Orbital Command  
  99  10:38  Marine  
  99  10:41  SCV, Marine  
  103  10:43  Marine  
  103  10:49  Siege Tank  
  107  10:50  Marine  
  107  10:55  Barracks Reactor x2, Marine  
  108  10:57  SCV  
  108  11:00  Orbital Command, Marine  
  108  11:04  Marine  
  111  11:06  SCV  
  111  11:08  Marine x2  
  114  11:13  Marine  
  115  11:26  Marine x2  
  115  11:27  Marine x2  
  115  11:31  Siege Tank  
  122  11:35  Marine x2  
  122  11:37  Marine  
  125  11:47  Marine x2  
  125  11:48  Marine  
  125  11:49  Marine  
  129  12:01  Marine x2  
  119  12:03  Marine  
Tags
 
Add a new tag
Caveats
  • Supply blocks, unpowered buildings, or Contaminate may cause inaccurate times.
  • Supply counts are checked every 10 seconds.